 Dungeon Crawl Stone Soup version 0.30.0-10-gfe55d96785 (webtiles) character file.

Game seed: 1239791737215382284

31 sasquatch the Ruffian (level 3, 0/31 HPs)
             Began as a Naga Transmuter on May 15, 2023.
             Slain by a gnoll
             ... wielding a +0 spear
              (6 damage)
             ... on level 1 of the Dungeon.
             The game lasted 00:03:08 (1044 turns).

sasquatch the Ruffian (Naga Transmuter)             Turns: 1044, Time: 00:03:09

Health: 0/31       AC:  4    Str: 14    XL:     3   Next: 22%
Magic:  6/6        EV:  8    Int: 13    God:
Gold:   89         SH:  0    Dex: 11    Spells: 0/6 levels left

rFire   . .          .
                       - Unarmed
rCold   . . .        (no shield)
rNeg    . . .        f - +0 ring mail
rPois   +            (helmet currently unavailable)
rElec   .            (no cloak)
rCorr   .            e - +0 pair of gloves
SInv    +            (no barding)
Will    .....        (no amulet) Stlth
                     (no ring)
HPRegen 0.25/turn    (no ring)
MPRegen 0.10/turn

%: no passive effects
@: confused, appendages, ambrosia-drunk, very slow
A: horns 2, AC +1, large, see invisible, deformed body, poison resistance,
slowness 2, spit poison 1, naga tail 1
a: Spit Poison, End Transformation


You were on level 1 of the Dungeon.
You had temporarily grown beastly horns.
You visited 1 branch of the dungeon, and saw 2 of its levels.

You collected 89 gold pieces.

Inventory:

Armour
 e - a +0 pair of gloves (worn)
 f - a +0 ring mail (worn)
Scrolls
 c - a scroll of magic mapping {unknown}
Potions
 b - a potion of lignification


   Skills:
 - Level 1.0 Fighting
 - Level 1.5 Dodging
 * Level 3.9 Unarmed Combat
 - Level 2.0 Spellcasting
 + Level 2.5 Transmutations


You couldn't memorise any spells.
You knew the following spells:

 Your Spells              Type           Power      Damage    Failure   Level
a - Beastly Appendage     Tmut           16%        N/A       19%         1
b - Wereblood             Tmut           8%         N/A       26%         2
c - Spider Form           Tmut/Pois      4%         N/A       67%         3

Your spell library contained the following spells:

 Spells                   Type           Power      Damage    Failure   Level
 Necrotise                Necr           4%         1d4       45%         1
 Vampiric Draining        Necr           1%         2d6       83%         3
 Ice Form                 Ice/Tmut       4%         N/A       97%         4
 Agony                    Necr           1%         N/A       100%        5


Dungeon Overview and Level Annotations

Branches:
Dungeon (2/15)

Altars:

Shops:
D:1 (


Innate Abilities, Weirdness & Mutations

You have temporarily grown beastly horns.
Your serpentine skin is tough. (AC +1)
You have supernaturally acute eyesight. (SInv)
Armour fits poorly on your strangely shaped body.
Your system is resistant to poisons. (rPois)
You cover ground very slowly.
You can spit poison.
You have a snake-like lower body.


Message History

The jackal completely misses you. The gnoll closely misses you.
The ball python barely misses you. The jackal barely misses you.
The ball python closely misses you. The jackal bites you.
The gnoll hits you but does no damage. The jackal attacks as you move away!
The jackal bites you.
The jackal bites you but does no damage.
The ball python barely misses you. The jackal attacks as you move away!
The jackal closely misses you.
The jackal bites you but does no damage.
The ball python closely misses you.
The gnoll hits you from afar with a +0 spear.
The jackal bites you but does no damage.
The ball python barely misses you. The jackal attacks as you move away!
The jackal bites you but does no damage.
The jackal bites you.
Casting: Beastly Appendage (safe; 19% risk of failure)
Press: ? - help, Q - select action, (/) - cycle Dir - look around, f - activate You grow a pair of large bovine horns.
The jackal bites you.
The gnoll hits you from afar with a +0 spear.
* * * LOW HITPOINT WARNING * * *
The jackal bites you.
* * * LOW HITPOINT WARNING * * *
You barely miss the jackal.
The gnoll hits you from afar with a +0 spear.
* * * LOW HITPOINT WARNING * * *
The jackal bites you.
* * * LOW HITPOINT WARNING * * *
Really quaff the potion of lignification? [Y]es or [N]o only, please.
Really quaff the potion of lignification?
Okay, then.
Unknown command.
It was a potion of ambrosia.
You are confused.
You feel invigorated.
The jackal bites you but does no damage.
The gnoll hits you from afar with a +0 spear.
You die...

#.>.......#
#....)....#
#.........#
#.....)...#
#.........#
#.........#
#(......Sg#
#########h#
#@## ###
#..## ##..
##..## ##...
##..# ##....
##.# ###....♣
#.#
###....♣♣♣
#.####...♣♣♣♣
#......♣.♣♣
###.....♣.♣ ♣


You could see a gnoll, a jackal and a ball python.

Vanquished Creatures
  2 dart slugs (D:1)
  3 ball pythons (D:1)
  4 bats (D:1)
  An endoplasm (D:2)
  2 giant cockroaches
  3 goblins (D:1)
  2 hobgoblins (D:1)
  3 kobolds
  2 frilled lizards (D:1)
  3 rats
25 creatures vanquished.

Notes
Turn   | Place    | Note
-------+----------+-------------------------------------------
     0 | D:1      | sasquatch the Naga Transmuter began the quest for the Orb.
     0 | D:1      | Reached XP level 1. HP: 18/18 MP: 3/3
   199 | D:1      | Reached XP level 2. HP: 4/25 MP: 1/5
   601 | D:1      | Learned a level 2 spell: Wereblood
   718 | D:1      | Reached XP level 3. HP: 25/31 MP: 4/6
   743 | D:1      | Found Bifidoan's Antique Weapon Boutique.
   784 | D:1      | Learned a level 3 spell: Spider Form
   986 | D:2      | Found a faded altar of an unknown god.
  1043 | D:1      | HP: 1/31 [jackal (2)]
  1044 | D:1      | Slain by a gnoll

Illustrated notes

Levels and vault maps discovered:
D:1:      kilobyte_arrival_exit_the_forest, layout_basic, serial_shops,
          nicolae_shop_statue_plus
D:2:      layout_rooms, hellmonk_ecumenical_altar_arch_garden,
          amethyst_killhole, chequers_serial_rivers_micro_c

Action                     || total
---------------------------++-------
  Melee: Unarmed           ||    82
         Punch             ||     2
         Headbutt          ||    12
   Cast: Beastly Appendage ||    16
Ability: Spit Poison       ||     2
    Use: Potion            ||     1
 Armour: Robe              ||    25
         Ring mail         ||     9
  Dodge: Dodged            ||    48
